 Dungeon Crawl Stone Soup version 0.29-a0-106-g0a07039d5a (webtiles) character file.

Game seed: 6935260677778624816

686 frimble the Chiller (level 7, -9/51 HPs)
             Began as a Gnoll Ice Elementalist on Feb 17, 2022.
             Killed by divine providence
             ... invoked by an orc priest
              (10 damage)
             ... on level 5 of the Dungeon.
             The game lasted 00:05:56 (5529 turns).

frimble the Chiller (Gnoll Ice Elementalist)        Turns: 5529, Time: 00:05:56

Health: -9/51      AC: 11    Str: 10    XL:     7   Next: 62%
Magic:  0/15       EV: 13    Int: 14    God:
Gold:   175        SH:  0    Dex: 12    Spells: 8/17 levels left

rFire   . . .      SeeInvis .   k - +1 flail (elec)
rCold   . . .      Faith    .   (no shield)
rNeg    . . .      Spirit   +   a - +0 robe
rPois   +          Reflect  .   (no helmet)
rElec   .          Harm     .   (no cloak)
rCorr   .          Rampage  .   (no gloves)
Will    .....                   d - +1 pair of boots
Stlth   +++.......              j - amulet of guardian spirit
HPRegen 0.17/turn               m - ring of poison resistance
MPRegen 0.14/turn               (no ring)

@: mighty, brilliant, ice-armoured (expiring)
A: fangs 1, strong nose, distributed training
a: no special abilities


You were on level 5 of the Dungeon.
You visited 1 branch of the dungeon, and saw 5 of its levels.

You collected 175 gold pieces.

Inventory:

Hand Weapons
 k - a +1 flail of electrocution (weapon)
Missiles
 f - a throwing net
Armour
 a - a +0 robe (worn)
 d - a +1 pair of boots (worn)
Jewellery
 j - an amulet of guardian spirit (around neck)
 m - a ring of poison resistance (left hand)
 u - a ring of fire
Wands
 g - a wand of iceblast (11)
Scrolls
 l - a scroll of enchant weapon
 n - a scroll of fog
 p - 4 scrolls of identify
 r - a scroll of amnesia
Potions
 b - 2 potions of ambrosia
 c - a potion of lignification
 i - 2 potions of might


   Skills:
 + Level 2.6 Fighting
 + Level 2.6 Short Blades
 + Level 2.6 Long Blades
 + Level 2.6 Axes
 + Level 2.6 Maces & Flails
 + Level 2.6 Polearms
 + Level 2.6 Staves
 + Level 2.6 Slings
 + Level 2.6 Bows
 + Level 2.6 Crossbows
 + Level 2.6 Throwing
 + Level 2.6 Armour
 + Level 5.3 Dodging
 + Level 5.0 Stealth
 + Level 2.6 Shields
 + Level 2.6 Unarmed Combat
 + Level 5.7 Spellcasting
 + Level 2.1 Conjurations
 + Level 2.1 Hexes
 + Level 2.1 Summonings
 + Level 2.1 Necromancy
 + Level 2.1 Translocations
 + Level 2.1 Transmutations
 + Level 2.1 Fire Magic
 + Level 7.4 Ice Magic
 + Level 2.1 Air Magic
 + Level 2.1 Earth Magic
 + Level 2.1 Poison Magic
 + Level 2.9 Invocations
 + Level 2.6 Evocations


You had 8 spell levels left.
You knew the following spells:

 Your Spells              Type           Power      Damage    Failure   Level
a - Freeze                Ice            100%       1d11      1%          1
b - Blink                 Tloc           30%        N/A       11%         2
c - Frozen Ramparts       Ice            74%        1d9       2%          3
d - Ozocubu's Armour      Ice            37%        N/A       2%          3

Your spell library contained the following spells:

 Spells                   Type           Power      Damage    Failure   Level
 Foxfire                  Conj/Fire      60%        2x1d7     7%          1
 Sublimation of Blood     Necr           15%        N/A       11%         2
 Conjure Flame            Conj/Fire      15%        6-21      21%         3
 Inner Flame              Hex/Fire       15%        N/A       21%         3
 Lesser Beckoning         Tloc           15%        N/A       21%         3
 Hailstorm                Conj/Ice       26%        3d7       22%         4
 Flame Wave               Conj/Fire      15%        2d6       56%         4
 Petrify                  Tmut/Erth      15%        N/A       56%         4
 Irradiate                Conj/Tmut      7%         3d16      88%         5
 Manifold Assault         Tloc           15%        N/A       88%         5


Dungeon Overview and Level Annotations

Branches:
Dungeon (5/15)
 Temple: D:4-7

Altars:
Dithmenos
Xom

Shops:
D:1 (=

Annotations:
D:3 1 runed translucent door, Crazy Yiuf


Innate Abilities, Weirdness & Mutations

You have very sharp teeth.
Your uncanny sense of smell can sniff out nearby items.
Your experience applies equally to all skills.


Message History

The orc wizard is heavily wounded.
The orc hits you but does no damage.
You hit the orc wizard but do no damage.
The orc wizard is heavily wounded.
The orc priest looks braver for a moment.
The orc hits you with a +0 flail.
* * * LOW HITPOINT WARNING * * *
The orc wizard gestures at you while chanting.
The puff of flame hits you but does no damage.
The heat melts your icy armour.
You closely miss the orc wizard.
The orc wizard is heavily wounded.
The orc wizard casts a spell.
The orc wizard flickers and vanishes!
Deactivating autopickup; reactivate with Ctrl-A.
The orc hits you with a +0 flail.
* * * LOW HITPOINT WARNING * * *
The orc priest calls down the wrath of Beogh upon you.
Beogh smites you!
* * * LOW HITPOINT WARNING * * *
Something hits you but does no damage.
You cannot move.
You cannot move.
You cannot move.
You cannot move.
You cannot move.
You cannot move.
There are monsters nearby!
You cannot move.
You miss something. The orc hits you but does no damage.
Something hits you but does no damage.
You hit something.
Your icy armour starts to melt.
You feel less wooden.
Your +1 pair of boots unmelds from your body.
Your +0 robe unmelds from your body.
You are no longer corroded.
Something hits you but does no damage.
The orc priest mumbles some strange prayers to Beogh against you.
Beogh smites you!
You die...

### ### ##
#@#####..####.##
#{o#...!...#...###
#ooo..#....##....#
##o........# #....
#..........# ##....
#..###.....####...##
#.## #.....###...##
#.. #.........### ..
##..........##


You could see 2 orc priests and 3 orcs.

Vanquished Creatures
  A black bear (D:4)
  An ogre (D:5)
  A bullfrog (D:5)
  2 scorpions (D:4)
  2 jellies
  An orc priest (D:3)
  A gnoll shaman (D:5)
  An orc wizard (D:4)
  A killer bee zombie (D:4)
  4 gnolls
  5 adders
  A shadow imp (D:5)
  3 adder skeletons (D:4)
  2 worms
  2 dart slugs
  8 orcs
  5 ball pythons
  3 bats
  2 endoplasms (D:4)
  A giant cockroach (D:3)
  5 goblins
  2 hobgoblins (D:3)
  2 jackals (D:1)
  3 kobolds
  A quokka (D:2)
  2 frilled lizards
  2 rats
64 creatures vanquished.

Vanquished Creatures (others)
  A hound (D:5)
  An adder (D:5)
2 creatures vanquished.

Grand Total: 66 creatures vanquished

Notes
Turn   | Place    | Note
-------+----------+-------------------------------------------
     0 | D:1      | frimble the Gnoll Ice Elementalist began the quest for the
                  | Orb.
     0 | D:1      | Reached XP level 1. HP: 13/13 MP: 6/6
   388 | D:1      | Found Fayreo Ychopp's Antique Weapon Shoppe.
   399 | D:1      | Reached XP level 2. HP: 18/19 MP: 5/7
   507 | D:1      | Found Nuohaut's Jewellery Shoppe.
   562 | D:1      | Found a faded altar of an unknown god.
   902 | D:2      | Learned a level 2 spell: Blink
  1289 | D:2      | Reached skill level 5 in Spellcasting
  1289 | D:2      | Reached XP level 3. HP: 20/25 MP: 4/9
  1350 | D:2      | Learned a level 3 spell: Frozen Ramparts
  1354 | D:2      | Learned a level 3 spell: Ozocubu's Armour
  1366 | D:2      | Reached skill level 1 in Invocations
  2165 | D:2      | Reached skill level 1 in Fighting
  2165 | D:2      | Reached skill level 1 in Short Blades
  2165 | D:2      | Reached skill level 1 in Long Blades
  2165 | D:2      | Reached skill level 1 in Axes
  2165 | D:2      | Reached skill level 1 in Maces & Flails
  2165 | D:2      | Reached skill level 1 in Polearms
  2165 | D:2      | Reached skill level 1 in Staves
  2165 | D:2      | Reached skill level 1 in Slings
  2165 | D:2      | Reached skill level 1 in Bows
  2165 | D:2      | Reached skill level 1 in Crossbows
  2165 | D:2      | Reached skill level 1 in Throwing
  2165 | D:2      | Reached skill level 1 in Armour
  2165 | D:2      | Reached skill level 1 in Shields
  2165 | D:2      | Reached skill level 1 in Unarmed Combat
  2165 | D:2      | Reached skill level 1 in Evocations
  2574 | D:3      | Reached XP level 4. HP: 17/32 MP: 8/11
  3017 | D:3      | Reached skill level 1 in Conjurations
  3017 | D:3      | Reached skill level 1 in Hexes
  3017 | D:3      | Reached skill level 1 in Summonings
  3017 | D:3      | Reached skill level 1 in Necromancy
  3017 | D:3      | Reached skill level 1 in Translocations
  3017 | D:3      | Reached skill level 1 in Transmutations
  3017 | D:3      | Reached skill level 1 in Fire Magic
  3017 | D:3      | Reached skill level 1 in Air Magic
  3017 | D:3      | Reached skill level 1 in Earth Magic
  3017 | D:3      | Reached skill level 1 in Poison Magic
  3527 | D:3      | Reached XP level 5. HP: 32/37 MP: 3/12
  3673 | D:3      | Found a runed translucent door.
  3674 | D:3      | Noticed Crazy Yiuf
  4272 | D:4      | Found a shadowy altar of Dithmenos.
  4390 | D:4      | Reached XP level 6. HP: 33/44 MP: 7/13
  4556 | D:4      | Noticed a black bear
  4565 | D:4      | Killed a black bear
  4566 | D:4      | Reached skill level 5 in Dodging
  5100 | D:4      | Reached XP level 7. HP: 33/50 MP: 7/15
  5421 | D:5      | Entered Level 5 of the Dungeon
  5478 | D:5      | Found a shimmering altar of Xom.
  5496 | D:5      | HP: 2/51 [ogre (25)]
  5523 | D:5      | Reached skill level 5 in Stealth
  5527 | D:5      | HP: 1/76 [orc priest/divine providence (7)]
  5529 | D:5      | Killed from afar by an orc priest

Illustrated notes

Levels and vault maps discovered:
D:1:      nzn_arrival_depleted_hourglass, layout_rooms,
          chequers_ecumenical_altar_lobes, serial_shops, shop,
          nicolae_shop_waterfront, minivault_11
D:2:      layout_basic
D:3:      layout_basic, uniq_crazy_yiuf_cottage
D:4:      layout_loops_cross, nicolae_dithmenos_shadow_blocks,
          kennysheep_generic_room_15
D:5:      layout_layer_cave, makhleb_grotto_becter, xom_confusion_cloud,
          uniq_eustachio

Skill      XL: |  1  2  3  4  5  6  7 |
---------------+----------------------+-----
Spellcasting   | 5 |  5.7
Invocations    | 1 2 |  2.9
Fighting       | 1 2 |  2.6
Short Blades   | 1 2 |  2.6
Long Blades    | 1 2 |  2.6
Axes           | 1 2 |  2.6
Maces & Flails | 1 2 |  2.6
Polearms       | 1 2 |  2.6
Staves         | 1 2 |  2.6
Slings         | 1 2 |  2.6
Bows           | 1 2 |  2.6
Crossbows      | 1 2 |  2.6
Throwing       | 1 2 |  2.6
Armour         | 1 2 |  2.6
Shields        | 1 2 |  2.6
Unarmed Combat | 1 2 |  2.6
Evocations     | 1 2 |  2.6
Conjurations   | 1 2 |  2.1
Hexes          | 1 2 |  2.1
Summonings     | 1 2 |  2.1
Necromancy     | 1 2 |  2.1
Translocations | 1 2 |  2.1
Transmutations | 1 2 |  2.1
Fire Magic     | 1 2 |  2.1
Air Magic      | 1 2 |  2.1
Earth Magic    | 1 2 |  2.1
Poison Magic   | 1 2 |  2.1
Dodging        | 5 |  5.3
Stealth        | 5 |  5.0
Ice Magic      | |  7.4

Action                   |  1- 3 |  4- 6 |  7- 9 || total
-------------------------+-------+-------+-------++-------
Melee: Unarmed           |    54 |       |       ||    54
       Bite              |     9 |     6 |     2 ||    17
       Punch             |     1 |     1 |       ||     2
       Whip              |     6 |   106 |       ||   112
       Flail             |       |       |    26 ||    26
 Cast: Freeze            |    28 |       |       ||    28
       Frozen Ramparts   |     2 |     9 |     1 ||    12
       Blink             |       |     2 |     2 ||     4
       Ozocubu's Armour  |       |     1 |     1 ||     2
  Use: Scroll            |     5 |       |     7 ||    12
       Potion            |       |       |     4 ||     4
 Stab: Sleeping          |     5 |     8 |     1 ||    14
       Distracted        |     1 |       |       ||     1
Armor: Robe              |    17 |    30 |     5 ||    52
       Skin              |       |       |    43 ||    43
Dodge: Dodged            |    68 |    66 |    28 ||   162

Table legend: (Time is in decaauts)
 A = Elapsed time spent in this place.
 B = Non-inter-level travel time spent in this place.
 C = Inter-level travel time spent in this place.
 D = Time resting spent in this place.
 E = Time spent auto-exploring this place.
 F = Levels seen in this place.
 G = Mean time per level.
                   A        B        C        D        E       F      G
               +--------+--------+--------+--------+--------+-----+--------+
         Total |   5540 |   5303 |    237 |    371 |   4263 |   5 | 1108.0 |
       Dungeon |   5540 |   5303 |    237 |    371 |   4263 |   5 | 1108.0 |
               +--------+--------+--------+--------+--------+-----+--------+

Top non-repeatable levels by time:
     D:4: 1536 daAuts
     D:3: 1418 daAuts
     D:2: 1349 daAuts
     D:1: 1121 daAuts
     D:5: 115 daAuts
